Map: Lerilak Crest

Players

DynamicState - Winner!

  • Race: Protoss Protoss

Grumm

  • Race: Protoss Protoss
  • League: Gold

VOD

Have the link to the VOD?

Description

Time

  • Played on: Jan. 15, 2016, 1:45 a.m.
  • Length: 5:17
Show
View Real Time Build Order
Export as new Build Order

DynamicState Protoss - Winner!

Build Orders: Dark Templar Rush 

Get SALT Encoding   

  12  0:01  Probe (Chrono Boost)  
  13  0:12  Probe (Chrono Boost)  
  14  0:19  Pylon  
  14  0:22  Probe (Chrono Boost)  
  15  0:38  Probe (Chrono Boost)  
  16  0:43  Gateway  
  16  0:48  Probe (Chrono Boost)  
  16  0:49  Assimilator  
  17  0:59  Probe (Chrono Boost)  
  17  1:09  Probe (Chrono Boost)  
  18  1:23  Probe (Chrono Boost)  
  19  1:29  Assimilator  
  19  1:34  Cybernetics Core, Probe (Chrono Boost)  
  19  1:39  Pylon  
  20  1:43  Zealot  
  20  1:44  Probe (Chrono Boost)  
  23  1:51  Pylon  
  23  1:57  Probe (Chrono Boost)  
  24  2:08  Probe (Chrono Boost)  
  25  2:13  Warp Gate (Chrono Boost)  
  25  2:21  Twilight Council  
  25  2:27  Gateway  
  25  2:29  Gateway  
  25  2:39  Probe (Chrono Boost)  
  26  2:49  Pylon  
  26  2:50  Gateway  
  26  3:04  Zealot  
  28  3:10  Pylon  
  28  3:15  Dark Shrine  
  28  3:23  Zealot  
  28  3:25  Zealot  
  32  3:36  Zealot  
  34  4:19  Zealot x2  
  34  4:21  Stalker x2  
  36  4:42  Dark Templar x2  
  36  4:44  Dark Templar  
  36  4:45  Dark Templar  
  34  5:16  Dark Templar x2  
Show
View Real Time Build Order
Export as new Build Order

Grumm Protoss 

Build Orders: 1 Gate Expand 

Get SALT Encoding   

  12  0:01  Probe (Chrono Boost)  
  13  0:12  Probe (Chrono Boost)  
  14  0:19  Pylon  
  14  0:23  Probe (Chrono Boost)  
  15  0:28  Assimilator  
  15  0:37  Probe (Chrono Boost)  
  16  0:47  Gateway  
  16  0:49  Probe (Chrono Boost)  
  17  0:59  Probe (Chrono Boost)  
  18  1:10  Probe (Chrono Boost)  
  19  1:29  Nexus  
  20  1:33  Probe (Chrono Boost)  
  20  1:45  Cybernetics Core  
  20  1:48  Probe (Chrono Boost)  
  21  1:58  Probe (Chrono Boost)  
  22  2:09  Probe (Chrono Boost)  
  23  2:17  Pylon  
  23  2:26  Gateway  
  23  2:29  Warp Gate  
  23  2:35  Stalker (Chrono Boost)  
  23  2:36  Mothership Core (Chrono Boost)  
  27  2:42  Pylon  
  27  2:55  Probe  
  28  3:01  Assimilator  
  28  3:02  Probe  
  29  3:07  Probe, Stalker (Chrono Boost)  
  34  3:20  Zealot (Chrono Boost)  
  34  3:24  Stargate  
  34  3:26  Pylon  
  34  3:31  Probe x2 (Chrono Boost)  
  36  3:35  Pylon  
  36  3:45  Probe (Chrono Boost)  
  36  3:47  Probe (Chrono Boost)  
  38  3:52  Assimilator  
  39  3:55  Probe (Chrono Boost)  
  39  3:57  Assimilator  
  39  3:59  Probe (Chrono Boost)  
  40  4:09  Probe (Chrono Boost)  
  41  4:12  Probe (Chrono Boost)  
  41  4:29  Pylon  
  43  4:45  Probe  
  43  4:52  Stargate  
  44  4:53  Forge  
  42  5:00  Stalker x2  
Tags
 
Add a new tag
Caveats
  • Supply blocks, unpowered buildings, or Contaminate may cause inaccurate times.
  • Supply counts are checked every 10 seconds.